Map: Newkirk Precinct TE (Void)

Players

Musumeci

  • Race: Zerg Zerg
  • League: Diamond
  • Spawn Location: 7:00

Berzergling - Winner!

  • Race: Zerg Zerg
  • League: Diamond
  • Spawn Location: 5:00

VOD

Have the link to the VOD?

Description

Time

  • Played on: Jan. 25, 2017, 3:05 p.m.
  • Length: 3:51
Show
View Real Time Build Order
Export as new Build Order

Musumeci Zerg 

Build Orders: Pool First 

Get SALT Encoding   

  12  0:10  Drone x2  
  14  0:20  Drone, Extractor  
  15  0:31  Overlord  
  15  0:37  Extractor  
  15  0:38  Extractor  
  15  0:39  Drone  
  16  0:46  Spawning Pool  
  16  0:50  Drone  
  16  0:52  Extractor  
  16  0:55  Drone  
  16  1:03  Drone  
  17  1:36  Zergling x2  
  17  1:37  Queen, Zergling x4  
  22  1:55  Hatchery  
  22  1:57  Overlord  
  21  2:04  Metabolic Boost  
  21  2:21  Zergling x6  
  24  2:40  Zergling x2  
  24  2:44  Baneling Nest  
  16  3:20  Zergling x12  
  16  3:37  Drone  
Show
View Real Time Build Order
Export as new Build Order

Berzergling Zerg - Winner!

Build Orders: Pool Only 

Get SALT Encoding   

  12  0:03  Drone  
  13  0:10  Drone  
  14  0:15  Extractor  
  14  0:20  Drone  
  14  0:34  Spawning Pool  
  13  0:38  Drone  
  14  0:45  Overlord  
  14  0:57  Drone, Extractor  
  15  1:21  Zergling x6  
  15  1:22  Metabolic Boost  
  18  1:33  Queen  
  18  1:35  Zergling x2  
  21  1:44  Baneling Nest  
  20  1:48  Zergling x2  
  21  1:57  Zergling x2  
  22  2:05  Overlord  
  22  2:39  Zergling x6  
  22  2:41  Baneling x2  
  22  2:42  Baneling x3  
  25  2:44  Zergling x6  
  23  3:27  Zergling x2  
  23  3:28  Zergling x8  
Tags
 
Add a new tag
Caveats
  • Supply blocks, unpowered buildings, or Contaminate may cause inaccurate times.
  • Supply counts are checked every 10 seconds.